 Dungeon Crawl Stone Soup version 0.18.1-47-g9310371 (webtiles) character file.

47 Jersh the Stinger (level 3, -2/22 HPs)
             Began as an Octopode Venom Mage on June 15, 2016.
             Slain by a worm (12 damage)
             ... on level 2 of the Dungeon.
             The game lasted 00:11:20 (1154 turns).

Jersh the Stinger (Octopode Venom Mage)             Turns: 1154, Time: 00:11:22

Health: -2/22      AC:  1    Str:  7    XL:     3   Next: 70%
Magic:  1/6        EV: 12    Int: 18    God:
Gold:   62         SH:  0    Dex: 12    Spells: 2 memorised, 3 levels left

rFire  . . .     SeeInvis .     (no weapon)
rCold  . . .     Gourm    .     (no shield)
rNeg   . . .     Faith    .     (helmet restricted)
rPois  .         Spirit   .     (no amulet)
rElec  .         Dismiss  .     (no ring)
rCorr  .         Reflect  .     (no ring)
SustAt .         Harm     .     (no ring)
MR     .....                    (no ring)
Stlth  +++.......               (no ring)
                                (no ring)
                                (no ring)
                                (no ring)

@: not resistant to hostile enchantments, fairly stealthy
A: almost no armour, amphibious, 8 rings, constrict 8, camouflage 1, gelatinous
body 1
a: no special abilities


You were on level 2 of the Dungeon.
You were hungry.

You visited 1 branch of the dungeon, and saw 3 of its levels.

You collected 62 gold pieces.

Inventory:

Missiles
 g - 5 needles of frenzy
Scrolls
 d - 2 scrolls of identify
 f - 2 scrolls of remove curse
Books
 a - a Young Poisoner's Handbook

   Spells                             Type                      Level
   a - Sting                          Conjuration/Poison           1
   b - Cure Poison                    Poison                       2
   c - Mephitic Cloud                 Conjuration/Poison/Air       3
   d - Olgreb's Toxic Radiance        Poison                       4
   e - Venom Bolt                     Conjuration/Poison           5
Comestibles
 b - a bread ration
 c - a beef jerky


   Skills:
 + Level 0.4 Fighting
 + Level 2.2 Dodging
 + Level 2.8 Stealth
 + Level 0.2 Unarmed Combat
 + Level 2.1 Spellcasting
 + Level 1.4 Conjurations
 + Level 5.5 Poison Magic


You had 3 spell levels left.
You knew the following spells:

 Your Spells              Type           Power        Failure   Level  Hunger
a - Sting                 Conj/Pois      ##..         4%          1    #......
b - Cure Poison           Pois           ###.......   2%          2    ###....


Dungeon Overview and Level Annotations

Branches:
Dungeon (3/15)

Altars:
Dithmenos
Ru
Xom

Annotations:
D:3 Aksel's ghost, weakling HOFi


Innate Abilities, Weirdness & Mutations

You cannot wear most types of armour.
You are amphibious.
You can wear up to eight rings at the same time.
You can use your tentacles to constrict eight enemies at once.
Your skin changes colour to match your surroundings (Stealth).
Your rubbery body absorbs attacks (AC +1).


Message History

The sting hits the worm.
The worm is poisoned.
The worm is heavily wounded.
The worm looks more healthy.
The worm barely misses you.
You tentacle-slap the worm but do no damage.
You grab the worm.
The worm is heavily wounded.
You constrict the worm, but do no damage.
You release your grip on the worm.
You tentacle-slap the worm. Your grab misses the worm. You squeeze the worm.
The worm is severely wounded.
The worm bites you.
You tentacle-slap the worm but do no damage.
You grab the worm.
The worm is severely wounded.
You constrict the worm.
You tentacle-slap the worm but do no damage.
The worm is severely wounded.
You constrict the worm. The worm bites you!
Ouch! That really hurt!
You die...

##...# #.###..#..#
##.#######.....##.##
#..........##....#
##########........##
###.............#...#
....##########......#
..###########.......#
...........#........#
##.#######.....w@...#
#...........###....#
########..##########
#####..........#
......#######..#
####### ####


You could see a worm.

Vanquished Creatures
  An adder (D:2)
  A dart slug (D:2)
  4 bats
  4 giant cockroaches
  6 goblins
  5 hobgoblins
  A giant newt (D:2)
  9 kobolds
  2 rats (D:1)
33 creatures vanquished.

Notes
Turn   | Place    | Note
--------------------------------------------------------------
     0 | D:1      | Jersh the Octopode Venom Mage began the quest for the Orb.
     0 | D:1      | Reached XP level 1. HP: 11/11 MP: 3/3
    60 | D:1      | Reached skill level 5 in Poison Magic
   152 | D:1      | Reached XP level 2. HP: 17/17 MP: 1/5
   440 | D:1      | Learned a level 2 spell: Cure Poison
   646 | D:2      | Found a shadowy altar of Dithmenos.
   669 | D:2      | Reached XP level 3. HP: 21/21 MP: 3/6
   763 | D:2      | Found a shimmering altar of Xom.
   765 | D:2      | Found a shimmering altar of Xom.
   767 | D:2      | Found a shimmering altar of Xom.
   767 | D:2      | Found a shimmering altar of Xom.
   769 | D:2      | Found a shimmering altar of Xom.
   790 | D:2      | Reached skill level 1 in Conjurations
   823 | D:2      | Found a sacrificial altar of Ru.
  1076 | D:3      | Noticed Aksel's ghost (weakling HOFi)
  1154 | D:2      | Slain by a worm

Skill      XL: |  1  2  3 |
---------------+----------+-----
Poison Magic   | 5 |  5.5
Conjurations   | 1 |  1.4
Fighting       | |  0.4
Dodging        | |  2.2
Stealth        | |  2.8
Unarmed Combat | |  0.2
Spellcasting   | |  2.1

Action                   || total
-------------------------++-------
Melee: Unarmed           ||    37
       Constrict         ||     9
       Tentacles         ||    10
 Cast: Sting             ||    61
  Use: Scroll            ||     4
       Potion            ||     4
 Stab: Sleeping          ||     1
  Eat: Chunk             ||     1
Armor: Skin              ||     3
Dodge: Dodged            ||    29
